 Dungeon Crawl Stone Soup version 0.21-a0-39-g28ea6b7 (webtiles) character file.

30 blackwizard the Caller (level 3, -1/31 HPs)
             Began as a Troll Summoner on June 1, 2017.
             Was an Initiate of the Shining One.
             Slain by a hobgoblin
             ... wielding a +0 club
              (7 damage)
             ... on level 2 of the Dungeon.
             The game lasted 00:06:20 (1295 turns).

blackwizard the Caller (Troll Summoner)             Turns: 1295, Time: 00:06:20

Health: -1/31      AC:  5    Str: 11    XL:     3   Next: 5%
Magic:  2/4        EV: 10    Int: 12    God:    the Shining One [......]
Gold:   66         SH:  0    Dex: 10    Spells: 3/4 levels left

rFire    . . .     SeeInvis .   g - +2 hand axe (freeze)
rCold    . . .     Gourm    +   (no shield)
rNeg     . . .     Faith    .   a - +0 robe
rPois    .         Spirit   .   (helmet restricted)
rElec    .         Reflect  .   (no cloak)
rCorr    .         Harm     .   (gloves unavailable)
MR       .....                  (boots unavailable)
Stlth    +.........             (no amulet)
Regen    0.5/turn               d - -5 ring of strength (curse)
MPRegen  0.1/turn               (no ring)

@: glowing
A: unfitting armour, claws 3, fast metabolism 3, gourmand, regeneration 1,
shaggy fur 1, tough skin 2
a: Renounce Religion


You were on level 2 of the Dungeon.
You worshipped the Shining One.
The Shining One was noncommittal.
You were hungry.

You visited 1 branch of the dungeon, and saw 2 of its levels.

You collected 66 gold pieces.

Inventory:

Hand Weapons
 f - a +0 spear
 g - a +2 hand axe of freezing (weapon)
Missiles
 e - 66 stones (quivered)
 i - 4 curare-tipped needles
Armour
 a - a +0 robe (worn)
Jewellery
 d - a cursed -5 ring of strength (left claw)
Scrolls
 h - a scroll of blinking {unknown}
 j - a scroll of magic mapping {unknown}
 l - a scroll of enchant weapon {unknown}
 m - a scroll of identify {unknown}
 n - a scroll of teleportation {unknown}
Books
 b - a book of Callings

   Spells                             Type                      Level
   a - Summon Small Mammal            Summoning                    1
   b - Call Imp                       Summoning                    2
   c - Call Canine Familiar           Summoning                    3
   d - Summon Guardian Golem          Hexes/Summoning              3
   e - Summon Lightning Spire         Summoning/Air                4
   f - Summon Ice Beast               Ice/Summoning                4
Comestibles
 c - 2 bread rations
 k - 2 chunks of flesh


   Skills:
 + Level 0.1 Fighting
 + Level 0.2 Axes
 + Level 2.0 Dodging
 + Level 1.0 Stealth
 + Level 0.2 Unarmed Combat
 + Level 1.3 Spellcasting
 + Level 3.3 Summonings


You had 3 spell levels left.
You knew the following spells:

 Your Spells              Type           Power        Failure   Level  Hunger
a - Summon Small Mammal   Summ           #...         8%          1    ##.....


Dungeon Overview and Level Annotations

Branches:
Dungeon (2/15)

Altars:
The Shining One


Innate Abilities, Weirdness & Mutations

You are too large for most types of armour.
You have claws for hands.
Your metabolism is lightning-fast.
You like to eat raw meat.
Your natural rate of healing is unusually fast.
You are covered in fur. (AC +1)
You have very tough skin. (AC +2)


Message History

The goblin shoots a stone.
The stone hits you but does no damage.
Your rat barely misses the goblin.
Something barely misses your rat.
The goblin unwields an uncursed hunting sling.
The goblin wields an uncursed club.
The goblin hits you with an uncursed club.
You see here 3 inedible chunks of flesh.
You completely miss the goblin.
The goblin is severely wounded.
Your rat bites the goblin.
The goblin dies!
Something hits your rat.
Your rat dies!
Your rat's corpse disappears in a puff of smoke!
The hobgoblin hits you with a club.
* * * LOW HITPOINT WARNING * * *
Your magical contamination has completely faded away.
You barely miss the hobgoblin.
The hobgoblin is moderately wounded.
The hobgoblin hits you with a club!
You die...

.# #............#
#.#.##.#. .#
####.........#.#
#....#. #######
#...........#
#<#..#. ......
#........#..#
#.#..#. ..#...###
########.#..# #.#
.#. ......g.#
#...รท.# .# #.. .#
g.#...#.# #.##### #
### # ......g.###
#(# #####...# #@#
#....((.####g#
#....((rg(.g.######.
#....((((.(......h..
#............######.
#######......#
#$.(...# #......#
#......#


You could see a hobgoblin and a goblin.

Vanquished Creatures
  A dart slug (D:1)
  A leopard gecko (D:2)
  A ball python (D:1)
  3 bats
  2 giant cockroaches
  3 goblins (D:2)
  4 hobgoblins (D:1)
  A jackal (D:2)
  5 kobolds
  A rat (D:1)
22 creatures vanquished.

Vanquished Creatures (collateral kills)
  A bat (D:1)
  2 goblins (D:2)
3 creatures vanquished.

Grand Total: 25 creatures vanquished

Notes
Turn   | Place    | Note
-------+----------+-------------------------------------------
     0 | D:1      | blackwizard the Troll Summoner began the quest for the Orb.
     0 | D:1      | Reached XP level 1. HP: 16/16 MP: 1/1
    46 | D:1      | Reached skill level 3 in Summonings
   486 | D:1      | Reached XP level 2. HP: 24/24 MP: 2/2
   587 | D:1      | Found a glowing golden altar of the Shining One.
   607 | D:1      | Became a worshipper of the Shining One
  1252 | D:2      | Reached XP level 3. HP: 31/31 MP: 4/4
  1295 | D:2      | Slain by a hobgoblin

Vault maps used:
D:1:      dpeg_arrival_simpleton_c, tso_altar
D:2:      lemuel_coloured_pillars_altar, first_bread, guppyfry_early_orc_mine

Skill      XL: |  1  2 |
---------------+-------+-----
Summonings     | 3 |  3.3
Dodging        | 2 |  2.0
Fighting       | |  0.1
Axes           | |  0.2
Stealth        | |  1.0
Unarmed Combat | |  0.2
Spellcasting   | |  1.3

Action                   || total
-------------------------++-------
Melee: Unarmed           ||    30
       Hand axe          ||    29
 Cast: Summon Small Mamm ||     9
  Eat: Bread ration      ||     2
Armor: Robe              ||   121
Dodge: Dodged            ||   148
